 Dungeon Sprint DCSS version 0.18-a0-1343-g48c8f86 (webtiles) character file.

54525 Kidiri the Hoplite (level 14, -9/138 HPs)
             Began as a Minotaur Fighter on Feb 16, 2016.
             Was a High Priest of Okawaru.
             Killed by divine providence
             ... invoked by a daeva
              (15 damage)
             ... in the Dungeon (Sprint VII: "The Pits").
             The game lasted 00:37:00 (5608 turns).

Kidiri the Hoplite (Minotaur Fighter)               Turns: 5608, Time: 00:37:00

Health: -9/138     AC: 43    Str: 26    XL:     14   Next: 34%
Magic:  14/20      EV: 19    Int:  5    God:    Okawaru [*****.]
Gold:   58         SH: 27    Dex: 13    Spells: 0 memorised, 13 levels left

rFire  + . .     SeeInvis .     b - +0 flail (protect)
rCold  + . .     Gourm    .     J - +2 gold dragon armour
rNeg   . . .     Faith    .     A - +2 shield
rPois  +         Spirit   .     (helmet restricted)
rElec  .         Dismiss  .     g - +1 cloak {rPois}
rCorr  .         Reflect  +     w - +1 pair of gloves
SustAt .         Harm     .     I - +1 pair of boots
MR     +....     NoTele   +     F - +6 amulet of reflection
Stlth  ..........               s - +3 ring of dexterity
                                r - +3 ring of evasion

@: heroism, finesse, studying Dodging, somewhat resistant to hostile
enchantments, extremely unstealthy
A: retaliatory headbutt, horns 2
a: Heroism, Finesse, Renounce Religion


You were in the Dungeon.
You worshipped Okawaru.
Okawaru was extremely pleased with you.
You were not hungry.

You visited 1 branch You collected 58 gold pieces.

Inventory:

Hand Weapons
 b - a +0 flail of protection (weapon)
 k - a +3 arbalest
Missiles
 C - 257 bolts
 H - 13 poisoned bolts
Armour
 g - a +1 cloak of poison resistance (worn)
 w - a +1 pair of gloves (worn)
 A - a +2 shield (worn)
 I - a +1 pair of boots (worn)
 J - a +2 gold dragon armour (worn)
Jewellery
 r - a +3 ring of evasion (left hand)
 s - a +3 ring of dexterity (right hand)
 B - an uncursed ring of see invisible
 F - a +6 amulet of reflection (around neck)
Scrolls
 l - 4 scrolls of enchant armour
 o - 2 scrolls of remove curse
 p - 5 scrolls of amnesia
 q - a scroll of summoning
 u - 2 scrolls of fog
 x - 4 scrolls of enchant weapon
 y - 3 scrolls of identify
Potions
 d - a potion of might
 h - 4 potions of haste
 i - 4 potions of magic
 j - 4 potions of berserk rage
 n - 2 potions of invisibility
 t - a potion of cure mutation
 v - a potion of agility
 z - a potion of resistance
Books
 D - a manual of Dodging
Comestibles
 a - 40 fruits
 c - 4 chunks of flesh
 f - 8 bread rations
 m - 6 meat rations
 K - 6 royal jellies


   Skills:
 + Level 16.3(21.3) Fighting
 * Level 21.1(26.1) Maces & Flails
 + Level 9.4(14.4) Crossbows
 * Level 21.7(26.7) Armour
 + Level 16.8(21.8) Dodging
 * Level 21.8(26.8) Shields
 - Level 10.2 Invocations


You had 13 spell levels left.
You didn't know any spells.

Dungeon Overview and Level Annotations

Branches:
Dungeon (1/1)

Altars:
Ashenzari
Cheibriados
Dithmenos
Elyvilon
Fedhas
Gozag
Kikubaaqudgha
Makhleb
Nemelex Xobeh
Okawaru
Pakellas
Qazlal
Ru
Sif Muna
Trog
Vehumet
Xom
Yredelemnul
Zin
The Shining One
Beogh
Jiyva
Lugonu


Innate Abilities, Weirdness & Mutations

You reflexively headbutt those who attack you in melee.
You have a pair of horns on your head.


Message History

The cacodemon disappears in a puff of smoke!
The hellion disappears in a puff of smoke!
The daeva calls down the wrath of the Shining One upon you.
Something smites you!
* * * LOW HITPOINT WARNING * * *
There is an open door here.
Things that are here:
a cloak; a great sword of slicing Drink which item? (? for menu, Esc to quit)
Okay, then.
You open the door. You block the reaper's attack.
The daeva calls down the wrath of the Shining One upon you.
Something smites you!
* * * LOW HITPOINT WARNING * * *
The Brimstone Fiend calls on the powers of darkness!
The yaktaur convulses!
The daeva convulses!
Your body is wracked with pain!
* * * LOW HITPOINT WARNING * * *
The daeva calls down the wrath of the Shining One upon you.
Something smites you!
You die...

##.##
#...#
.A.
#c#
#1#
#2#
#'#
#[#
#@#
#)#
#+#
#.#
#+#
#)#
#รท#
#.#
#+#


You could see a daeva, a Brimstone Fiend, a reaper and a yaktaur.

Vanquished Creatures
  A lich (D)
  An Ice Fiend (D)
  A quicksilver dragon (D)
  Polyphemus (D)
  2 greater nagas (D)
  2 orc warlords (D)
  A deep elf sorcerer (D)
  A draconian knight (D)
  A balrug (D)
  An ophan (D)
  A purple draconian (D)
  An ettin (D)
  A merfolk javelineer (D)
  A yaktaur captain (D)
  3 vault guards (D)
  Erolcha (D)
  Josephine (D)
  2 naga warriors (D)
  A rakshasa (D)
  An alligator (D)
  A merfolk avatar (D)
  An anaconda (D)
  An ogre mage (D)
  2 orc high priests (D)
  A spriggan berserker (D)
  A soul eater (D)
  A deep elf knight (D)
  An unseen horror (D)
  3 large abominations (D)
  2 deep trolls (D)
  4 harpies (D)
  A hill giant (D)
  A wizard (D)
  An ugly thing (D)
  12 orc knights (D)
  2 wolf spiders (D)
  A deep elf mage (D)
  A manticore (D)
  2 smoke demons (D)
  An elephant (D)
  Joseph (D)
  A spiny frog (D)
  A freezing wraith (D)
  2 fire drakes (D)
  2 yaktaurs (D)
  A wandering mushroom (D)
  A polar bear (D)
  4 merfolk (D)
  2 giant leeches (D)
  4 blink frogs (D)
  2 wind drakes (D)
  2 two-headed ogres (D)
  A bog body (D)
  3 spriggans (D)
  3 yaks (D)
  A vampire (D)
  5 wraiths (D)
  A hippogriff (D)
  3 vampire mosquitoes (D)
  9 wolves (D)
  2 wargs (D)
  A mottled dragon (D)
  A hell hound (D)
  A phantom (D)
  4 orc warriors (D)
  2 black bears (D)
  3 ogres (D)
  A necrophage (D)
  A big kobold (D)
  A small abomination (D)
  3 killer bees (D)
  3 hounds (D)
  2 orc priests (D)
  An orc wizard (D)
  An iguana (D)
  Ijyb (D)
  A worker ant (D)
  2 mummies (D)
  A gnoll (D)
  A white imp (D)
  2 ufetubi (D)
  An adder zombie (D)
  A giant gecko (D)
  9 orcs (D)
  A bat zombie (D)
  A giant cockroach (D)
  A goblin (D)
  2 hobgoblins (D)
  6 jackals (D)
  A quokka (D)
  A bat (D)
  A giant cockroach zombie (D)
  A jackal zombie (D)
  A quokka simulacrum (D)
  A quokka skeleton (D)
  4 rats (D)
181 creatures vanquished.

Vanquished Creatures (others)
  A wizard (D)
  3 yaks (D)
  A wolf (D)
  A swamp drake (D)
  An orc wizard (D)
  An orc (D)
8 creatures vanquished.

Grand Total: 189 creatures vanquished

Notes
Turn   | Place    | Note
--------------------------------------------------------------
     0 | D        | Kidiri the Minotaur Fighter began the quest for the Orb.
     0 | D        | Reached XP level 1. HP: 19/19 MP: 0/0
    49 | D        | Found a sacrificial altar of Ru.
    49 | D        | Found a basalt altar of Yredelemnul.
    49 | D        | Found a shadowy altar of Dithmenos.
    49 | D        | Found a deep blue altar of Sif Muna.
    49 | D        | Found a burning altar of Makhleb.
    49 | D        | Found a shimmering altar of Xom.
    49 | D        | Found an ancient bone altar of Kikubaaqudgha.
    49 | D        | Found a sparkling altar of Nemelex Xobeh.
    50 | D        | Found a glowing golden altar of the Shining One.
    50 | D        | Found a bloodstained altar of Trog.
    50 | D        | Found a shattered altar of Ashenzari.
    50 | D        | Found a white marble altar of Elyvilon.
    50 | D        | Found a snail-covered altar of Cheibriados.
    50 | D        | Found a blossoming altar of Fedhas.
    50 | D        | Found a radiant altar of Vehumet.
    50 | D        | Found a glowing silver altar of Zin.
    50 | D        | Found a corrupted altar of Lugonu.
    50 | D        | Found a viscous altar of Jiyva.
    50 | D        | Found a roughly hewn altar of Beogh.
    50 | D        | Found an iron altar of Okawaru.
    51 | D        | Found an oddly glowing altar of Pakellas.
    55 | D        | Found a stormy altar of Qazlal.
    56 | D        | Found an opulent altar of Gozag.
    58 | D        | Became a worshipper of Warmaster Okawaru
    76 | D        | Reached skill level 4 in Fighting
    76 | D        | Reached skill level 1 in Dodging
    86 | D        | Reached XP level 2. HP: 27/27 MP: 1/1
    87 | D        | Reached skill level 1 in Invocations
    93 | D        | Reached skill level 5 in Armour
    93 | D        | Reached skill level 5 in Shields
   116 | D        | Reached XP level 3. HP: 34/34 MP: 3/3
   129 | D        | Noticed a wolf
   153 | D        | Killed a wolf
   153 | D        | Reached * piety under Okawaru
   153 | D        | Reached skill level 5 in Fighting
   153 | D        | Reached skill level 7 in Armour
   153 | D        | Reached XP level 4. HP: 27/44 MP: 3/5
   153 | D        | Reached XP level 5. HP: 30/50 MP: 3/6
   353 | D        | Noticed a black bear
   357 | D        | Noticed a wolf
   367 | D        | Killed a black bear
   367 | D        | Reached skill level 8 in Armour
   369 | D        | Reached XP level 6. HP: 58/58 MP: 4/8
   380 | D        | Noticed Ijyb
   390 | D        | Killed a wolf
   390 | D        | Reached ** piety under Okawaru
   390 | D        | Reached skill level 9 in Armour
   390 | D        | Reached skill level 5 in Dodging
   404 | D        | Killed Ijyb
   441 | D        | Reached skill level 5 in Invocations
   443 | D        | Reached XP level 7. HP: 66/66 MP: 6/9
   464 | D        | Noticed a deep troll
   464 | D        | Noticed a hippogriff
   469 | D        | Killed a hippogriff
   469 | D        | Reached skill level 10 in Armour
   469 | D        | Reached skill level 10 in Shields
   484 | D        | Killed a deep troll
   484 | D        | Reached *** piety under Okawaru
   484 | D        | Reached **** piety under Okawaru
   484 | D        | Reached skill level 11 in Armour
   484 | D        | Reached XP level 8. HP: 51/75 MP: 8/11
   757 | D        | Noticed a two-headed ogre
   766 | D        | Killed a two-headed ogre
   788 | D        | Noticed a deep troll
   809 | D        | Reached skill level 12 in Shields
   812 | D        | Reached skill level 10 in Maces & Flails
   822 | D        | Reached XP level 9. HP: 81/83 MP: 13/13
   848 | D        | Killed a deep troll
   882 | D        | Reached ***** piety under Okawaru
   882 | D        | Reached skill level 13 in Shields
   901 | D        | Noticed a deep elf mage
   902 | D        | Noticed Joseph
   902 | D        | Noticed a fire drake
   910 | D        | Noticed an orc high priest
   916 | D        | Noticed an orange demon
   955 | D        | Killed a fire drake
   955 | D        | Reached skill level 10 in Fighting
   959 | D        | Killed an orc high priest
   969 | D        | Killed Joseph
   969 | D        | Reached XP level 10. HP: 39/94 MP: 7/15
   979 | D        | Killed a deep elf mage
   979 | D        | Reached skill level 14 in Shields
  1308 | D        | Noticed a smoke demon
  1317 | D        | Killed a smoke demon
  1349 | D        | Noticed Erolcha
  1364 | D        | Killed Erolcha
  1396 | D        | Noticed a wolf spider
  1396 | D        | Noticed a wizard
  1446 | D        | Killed a wolf spider
  1446 | D        | Reached skill level 15 in Shields
  1454 | D        | Reached skill level 15 in Armour
  1457 | D        | Reached skill level 10 in Dodging
  1470 | D        | Reached XP level 11. HP: 102/102 MP: 10/17
  1483 | D        | Killed a wizard
  1589 | D        | Noticed a merfolk avatar
  1589 | D        | Noticed an orc high priest
  1593 | D        | Noticed an orc knight
  1601 | D        | Noticed a hill giant
  1641 | D        | Killed an orc high priest
  1662 | D        | Killed an orc knight
  1662 | D        | Reached ****** piety under Okawaru
  1662 | D        | Received a gift from Okawaru
  1681 | D        | Killed a merfolk avatar
  1681 | D        | Reached skill level 16 in Armour
  1681 | D        | Reached skill level 10 in Invocations
  1694 | D        | Reached skill level 15 in Maces & Flails
  1700 | D        | Killed a hill giant
  2038 | D        | Noticed Josephine
  2045 | D        | Killed Josephine
  2058 | D        | Noticed an ogre mage
  2086 | D        | Killed an ogre mage
  2086 | D        | Reached skill level 17 in Shields
  2127 | D        | Noticed a wizard
  2145 | D        | Killed a wizard
  2284 | D        | Reached XP level 12. HP: 83/113 MP: 18/18
  2393 | D        | Noticed an alligator
  2407 | D        | Killed an alligator
  2609 | D        | Noticed a greater naga
  2622 | D        | Noticed Polyphemus
  2652 | D        | Killed a greater naga
  2675 | D        | Reached skill level 18 in Shields
  2697 | D        | Killed Polyphemus
  2765 | D        | Reached skill level 1 in Crossbows
  3078 | D        | Got the +3 ring mail of Serendipity {rPois}
  3090 | D        | Noticed an anaconda
  3126 | D        | Killed an anaconda
  3142 | D        | Reached skill level 19 in Shields
  3331 | D        | Noticed a greater naga
  3331 | D        | Noticed a merfolk javelineer
  3331 | D        | Noticed a deep elf sorcerer
  3341 | D        | Killed a merfolk javelineer
  3345 | D        | Reached XP level 13. HP: 113/124 MP: 13/19
  3363 | D        | Killed a greater naga
  3380 | D        | Killed a deep elf sorcerer
  3403 | D        | Received a gift from Okawaru
  3760 | D        | Reached skill level 5 in Crossbows
  3780 | D        | Noticed an orc warlord
  3782 | D        | Received a gift from Okawaru
  3783 | D        | Got a crude demon whip {god gift}
  3799 | D        | Killed an orc warlord
  3826 | D        | Reached skill level 20 in Shields
  3869 | D        | Noticed an orc warlord
  3893 | D        | Killed an orc warlord
  3893 | D        | Reached skill level 15 in Fighting
  4178 | D        | Noticed a vault guard
  4179 | D        | Noticed an ophan
  4197 | D        | Killed a vault guard
  4197 | D        | Received a gift from Okawaru
  4215 | D        | Killed an ophan
  4215 | D        | Reached skill level 15 in Dodging
  4254 | D        | Noticed a vault guard
  4416 | D        | Killed a vault guard
  4876 | D        | Noticed a vault guard
  4913 | D        | Killed a vault guard
  4913 | D        | Reached skill level 21 in Shields
  5090 | D        | Noticed an Ice Fiend
  5104 | D        | Killed an Ice Fiend
  5104 | D        | Reached XP level 14. HP: 66/136 MP: 13/20
  5373 | D        | Noticed a quicksilver dragon
  5389 | D        | Killed a quicksilver dragon
  5393 | D        | Noticed a balrug
  5403 | D        | Killed a balrug
  5479 | D        | Noticed a mottled draconian knight
  5504 | D        | Killed a mottled draconian knight
  5574 | D        | Noticed a lich
  5574 | D        | Noticed a daeva
  5574 | D        | Noticed a reaper
  5574 | D        | Noticed a Brimstone Fiend
  5590 | D        | Noticed a cacodemon
  5604 | D        | Killed a lich
  5604 | D        | Received a gift from Okawaru
  5607 | D        | HP: 6/138 [??? (3)]
  5608 | D        | Killed from afar by a daeva

Vault maps used:
D:        pitsprint

Action                   |  1- 3 |  4- 6 |  7- 9 | 10-12 | 13-15 || total
-------------------------+-------+-------+-------+-------+-------++-------
Melee: Hand axe          |    24 |     1 |       |       |       ||    25
       Flail             |     4 |    39 |   116 |   575 |   664 ||  1398
Invok: Heroism           |       |     3 |     7 |    12 |    13 ||    35
       Finesse           |       |       |     1 |    12 |    14 ||    27
  Use: Potion            |     1 |       |     3 |     5 |    18 ||    27
       Scroll            |       |       |     1 |     1 |     1 ||     3
 Stab: Confused          |       |       |     2 |       |       ||     2
  Eat: Chunk             |       |       |       |    11 |     6 ||    17
       Meat ration       |       |       |       |       |     1 ||     1
